Map: Winter Madness LE

Players

Pantoniem - Winner!

  • Race: Protoss Protoss
  • League: Diamond
  • Spawn Location: 11:00

HoldTheDoor

  • Race: Protoss Protoss
  • League: Diamond
  • Spawn Location: 5:00

VOD

Have the link to the VOD?

Description

Time

  • Played on: May 23, 2026, 1:16 p.m.
  • Length: 4:45
Show
View Real Time Build Order
Export as new Build Order

Pantoniem Protoss - Winner!

Build Orders: Dark Templar Rush 

Get SALT Encoding   

  12  0:00  Probe  
  13  0:12  Probe  
  14  0:17  Pylon  
  14  0:24  Probe  
  15  0:35  Gateway  
  15  0:38  Probe  
  16  0:50  Probe  
  16  0:51  Assimilator  
  16  0:55  Assimilator  
  17  1:02  Probe  
  18  1:15  Probe  
  19  1:24  Cybernetics Core  
  19  1:50  Nexus  
  19  1:55  Warp Gate  
  19  2:01  Twilight Council  
  19  2:03  Stalker  
  21  2:24  Pylon  
  21  2:27  Probe  
  22  2:43  Dark Shrine  
  22  2:49  Gateway  
  22  2:54  Stalker  
  24  3:09  Pylon  
  24  3:22  Shield Battery  
  24  3:30  Probe x2  
  26  3:55  Dark Templar x2  
  30  3:58  Probe x2  
  32  4:10  Probe  
  31  4:27  Dark Templar  
  31  4:29  Zealot  
Show
View Real Time Build Order
Export as new Build Order

HoldTheDoor Protoss 

Build Orders:  

Get SALT Encoding   

  12  0:00  Probe  
  13  0:12  Probe  
  14  0:17  Pylon  
  14  0:24  Probe  
  15  0:32  Probe  
  15  0:40  Gateway, Probe  
  16  0:49  Assimilator  
  17  0:50  Probe  
  17  0:56  Assimilator  
  18  1:03  Probe  
  19  1:14  Gateway  
  19  1:15  Probe  
  20  1:27  Probe  
  21  1:35  Cybernetics Core  
  21  1:36  Pylon  
  21  1:44  Probe  
  22  1:53  Warp Gate  
  22  1:56  Probe  
  23  2:08  Probe, Stalker x2  
  28  2:18  Pylon  
  28  2:20  Probe  
  29  2:35  Stalker  
  29  2:38  Sentry  
  29  2:39  Gateway  
  33  2:46  Gateway  
  33  2:54  Shield Battery  
  33  3:03  Pylon  
  33  3:05  Stalker  
  33  3:09  Sentry  
  37  3:19  Pylon  
  37  3:39  Pylon  
  37  3:42  Stalker x2  
  37  3:44  Stalker  
  43  3:52  Stalker  
Tags
 
Add a new tag
Caveats
  • Supply blocks, unpowered buildings, or Contaminate may cause inaccurate times.
  • Supply counts are checked every 10 seconds.